 Dungeon Crawl Stone Soup version 0.20.1-1-g8b1a95d (webtiles) character file.

93779 poirepourri the Bludgeoner (level 16, -6/90 HPs)
             Began as a Gargoyle Fighter on July 14, 2017.
             Was a High Priest of Cheibriados.
             Killed from afar by Nikola (8 damage)
             ... with a chain lightning
             ... on level 4 of the Swamp.
             The game lasted 00:51:18 (29915 turns).

poirepourri the Bludgeoner (Gargoyle Fighter)      Turns: 29915, Time: 00:51:19

Health: -6/90      AC: 27    Str: 42    XL:     16   Next: 9%
Magic:  0/24       EV: 19    Int: 23    God:    Cheibriados [*****.]
Gold:   934        SH: 20    Dex: 34    Spells: 15/15 levels left

rFire    + + +     SeeInvis .   a - +7 mace (holy)
rCold    . . .     Gourm    .   c - +2 shield
rNeg     + + .     Faith    .   q - +0 scale mail
rPois    ∞         Spirit   +   p - +2 helmet
rElec    +         Reflect  .   w - +0 cloak
rCorr    .         Harm     .   t - +1 pair of gloves of Fedhas's Favour {+Fly rF+++}
MR       ++...                  m - +0 pair of boots "Pudghoni" {rElec Regen+ Str+4 Stlth+}
Stlth    +++.......             h - amulet of guardian spirit
Regen    0.7/turn               v - +6 ring of dexterity
MPRegen  0.2/turn               B - ring of Aneole {rPois rN+ MR+ Str+4 Stlth+}

@: flying, very slow
A: big wings, blurry vision 1, dopey 1, frail 1, negative energy resistance 1,
sense surroundings 1, electricity resistance, unbreathing, petrification
resistance, rot immunity, AC +11
a: Stop Flying, Bend Time, Temporal Distortion, Slouch, Step From Time, Renounce
Religion


You were on level 4 of the Swamp.
You worshipped Cheibriados.
Cheibriados was extremely pleased with you.
You were full.

You visited 4 branches of the dungeon, and saw 24 of its levels.

You collected 1345 gold pieces.
You spent 411 gold pieces at shops.

Inventory:

Hand Weapons
 a - a +7 mace of holy wrath (weapon)
 b - a +1 hand crossbow
 O - a +1 flail of crushing
 U - a +1 flail
Missiles
 x - 166 bolts
 F - 4 silver tomahawks
 Q - 5 javelins (quivered)
Armour
 c - a +2 shield (worn)
 m - the +0 pair of boots "Pudghoni" (worn) {rElec Regen+ Str+4 Stlth+}
   (You found it on level 2 of the Swamp)

   It affects your strength (+4).
   It insulates you from electricity.
   It increases your rate of regeneration.
   It makes you more stealthy.
 p - a +2 helmet (worn)
 q - a +0 scale mail (worn)
 t - the +1 pair of gloves of Fedhas's Favour (worn) {+Fly rF+++}
   (You acquired it on level 2 of the Lair of Beasts)

   It renders you almost immune to fire.
   It lets you fly.
 w - a +0 cloak (worn)
Jewellery
 h - an amulet of guardian spirit (around neck)
 v - a +6 ring of dexterity (left hand)
 B - the ring of Aneole (right hand) {rPois rN+ MR+ Str+4 Stlth+}
   (You found it on level 9 of the Dungeon)

   [ring of protection from magic]

   It affects your strength (+4).
   It protects you from poison.
   It protects you from negative energy.
   It affects your resistance to hostile enchantments.
   It makes you more stealthy.
 E - an uncursed ring of protection from fire
 S - an uncursed ring of stealth
 W - an uncursed ring of fire {unknown}
Wands
 e - a wand of digging (24/24)
 j - a wand of polymorph (8/24)
 y - a wand of flame (33/48)
 M - a wand of acid (9/15)
 N - a wand of scattershot (4/9)
 P - a wand of digging (24/24)
 T - a wand of lightning (9/15)
 Z - a wand of scattershot (2/9)
Scrolls
 i - 2 scrolls of teleportation
 n - 12 scrolls of remove curse
 r - 2 scrolls of holy word
 R - a scroll of blinking
 Y - a scroll of fear
Potions
 k - 5 potions of curing
 l - 4 potions of resistance
 A - a potion of invisibility
 C - a potion of mutation
 D - a potion of degeneration {unknown}
 G - a potion of agility {unknown}
 K - 3 potions of lignification
 V - a potion of ambrosia {unknown}
Books
 o - a book of Clouds

   Spells                             Type                      Level
   a - Poisonous Vapours              Poison/Air                   2
   b - Mephitic Cloud                 Conjuration/Poison/Air       3
   c - Conjure Flame                  Conjuration/Fire             3
   d - Freezing Cloud                 Conjuration/Ice/Air          6
   e - Ring of Flames                 Charms/Fire                  7
 s - a book of Minor Magic

   Spells                             Type                      Level
   a - Magic Dart                     Conjuration                  1
   b - Blink                          Translocation                2
   c - Call Imp                       Summoning                    2
   d - Slow                           Hexes                        2
   e - Conjure Flame                  Conjuration/Fire             3
   f - Mephitic Cloud                 Conjuration/Poison/Air       3
 u - a book of Maledictions

   Spells                             Type                      Level
   a - Corona                         Hexes                        1
   b - Ensorcelled Hibernation        Hexes/Ice                    2
   c - Confuse                        Hexes                        3
   d - Tukima's Dance                 Hexes                        3
   e - Dazzling Spray                 Conjuration/Hexes            3
 z - a book of Debilitation

   Spells                             Type                      Level
   a - Corona                         Hexes                        1
   b - Slow                           Hexes                        2
   c - Inner Flame                    Hexes/Fire                   3
   d - Portal Projectile              Hexes/Translocation          3
   e - Cause Fear                     Hexes                        4
   f - Leda's Liquefaction            Hexes/Earth                  4
 H - a book of Changes

   Spells                             Type                      Level
   a - Beastly Appendage              Transmutation                1
   b - Sticks to Snakes               Transmutation                2
   c - Spider Form                    Transmutation/Poison         3
   d - Ice Form                       Ice/Transmutation            4
   e - Blade Hands                    Transmutation                5
 I - a book of Frost

   Spells                             Type                      Level
   a - Freeze                         Ice                          1
   b - Throw Frost                    Conjuration/Ice              2
   c - Ozocubu's Armour               Charms/Ice                   3
   d - Throw Icicle                   Conjuration/Ice              4
   e - Summon Ice Beast               Ice/Summoning                4
Comestibles
 d - 13 fruits
 f - 10 bread rations
 J - 4 royal jellies
 L - 5 meat rations


   Skills:
 - Level 12.2 Fighting
 - Level 16.6 Maces & Flails
 - Level 1.1 Crossbows
 - Level 5.7 Armour
 + Level 7.2 Dodging
 - Level 15.1 Shields
 - Level 10.9 Invocations
 - Level 1.0 Evocations


You had 15 spell levels left.
You didn't know any spells.

Dungeon Overview and Level Annotations

Branches:
Dungeon (13/15)            Temple (1/1) D:4            Lair (6/6) D:8
  Swamp (4/4) Lair:3        Snake (0/4) Lair:4        Slime (0/5) Lair:6
    Orc (0/2) D:11
 Vaults: D:13-14

Altars:
Ashenzari
Cheibriados
Dithmenos
Elyvilon
Fedhas
Gozag
Hepliaklqana
Kikubaaqudgha
Makhleb
Nemelex Xobeh
Okawaru
Qazlal
Ru
Sif Muna
Trog
Uskayaw
Vehumet
Xom
Yredelemnul
Zin
The Shining One
Jiyva

Shops:
D:5 =!}=(   D:7 *

Annotations:
Lair:1 exclusion: 3 oklob plants
Lair:6 Urug
Swamp:4 Nikola


Innate Abilities, Weirdness & Mutations

You are resistant to torment.
Your stone body is resilient. (AC +11)
You are immune to poison.
Your large and strong wings let you fly indefinitely.
You resist negative energy. (rN+)
You are resistant to electric shocks. (rElec)
You can survive without breathing.
You are immune to petrification.
You are immune to rotting.
Scrolls take you a little longer to read.
You are dopey. (Int -2)
You are frail. (-10% HP)
You passively map a small area around you.


Message History

You hear a horrible gurgling sound!
You feel better.
Nikola gestures wildly while chanting.
Nikola blinks!
Unknown command.
You feel better.
Nikola mumbles some strange words.
You hear a mighty clap of thunder!
The lightning arc hits you! You resist.
* * * LOW HITPOINT WARNING * * *
The lightning arc hits Nikola.
The lightning arc hits you! You resist.
* * * LOW HITPOINT WARNING * * *
The lightning arc hits Nikola.
The lightning arc hits you! You resist.
* * * LOW HITPOINT WARNING * * *
Nikola mumbles some strange words.
You hear a mighty clap of thunder!
The lightning arc hits you! You resist.
* * * LOW HITPOINT WARNING * * *
The lightning arc hits Nikola.
The lightning arc hits you! You resist.
You die...

****** **♣♣
**..,,*♣♣* *..♣♣
*≈≈≈≈.♣♣≈♣♣♣.≈≈♣
**≈≈≈.....@≈♣≈,*
**≈≈≈....≈..♣***
****,≈≈≈}..≈≈≈.@♣*
**≈*≈≈≈≈≈≈.†§≈≈..[♣
*≈≈≈≈≈≈≈≈≈≈...♣≈.♣♣
*,≈,*,.≈≈≈≈≈.≈♣♣♣♣
*≈≈,≈≈≈≈≈≈≈....***
**,,,≈≈≈≈≈≈....,,**
**≈,≈≈≈≈♣♣♣♣.,,,≈*


You could see Nikola.

Vanquished Creatures
  The ghost of Exporg the Bludgeoner, an adept MiFi of the Shining One (Swamp:2)
  The ghost of p0werm0de the Fighter, a journeyman DsBe of Trog (Lair:6)
  The ghost of Ladykiller69 the Eclecticist, a journeyman DECj of Vehumet (Swamp:1)
  Snorg (Lair:6)
  Erolcha (D:12)
  3 ghost crabs
  10 hydras
  A merfolk avatar (Lair:6)
  7 two-headed ogres
  8 alligators
  2 death yaks (Lair:5)
  A spriggan (Swamp:2)
  2 sea snakes (Lair:6)
  2 unseen horrors
  A spriggan druid (Swamp:3)
  A swamp dragon (Swamp:4)
  2 shambling mangroves
  The ghost of vishdafish the Digger, a novice TrEE (D:5)
  2 oklob plants
  2 manticores (Lair:6)
  3 ugly things
  A cyclops (D:12)
  21 elephants
  5 black mambas
  3 torpor snails (Lair:1)
  2 gargoyles
  20 spiny frogs
  3 rime drakes
  9 komodo dragons
  An ice devil (Swamp:1)
  A merfolk (D:10)
  5 polar bears
  5 trolls
  3 tyrant leeches
  7 hornets
  8 bog bodies
  25 blink frogs
  10 hippogriffs
  6 dream sheep (Lair:3)
  4 shadows
  3 wyverns
  A fire elemental (Lair:6)
  2 wraiths (D:12)
  A basilisk (Lair:2)
  63 yaks
  A hungry ghost (D:8)
  15 swamp worms
  17 vampire mosquitoes
  2 steam dragons
  4 nagas (Lair:4)
  4 insubstantial wisps (Swamp:1)
  17 water moccasins
  6 porcupines
  13 orc warriors
  2 phantoms
  4 swamp drakes
  4 sky beasts
  A black bear (D:10)
  3 ice beasts
  6 necrophages
  7 ogres
  9 wolves
  13 centaurs
  15 crocodiles
  2 big kobolds
  14 bullfrogs
  2 gnoll sergeants
  A water moccasin zombie (D:7)
  A wyvern skeleton (D:12)
  4 scorpions
  10 killer bees
  A howler monkey (D:6)
  An electric eel (Lair:6)
  4 crimson imps
  A lava snake (Lair:6)
  3 bullfrog zombies
  8 hounds
  3 centaur skeletons
  2 centaur zombies
  3 bullfrog skeletons
  7 orc priests
  4 jellies
  19 orc wizards
  A gnoll shaman (D:6)
  5 iguanas
  11 worker ants
  Natasha (thrice) (D:3)
  A hound zombie (D:9)
  3 worker ant zombies
  2 howler monkey skeletons
  10 adders
  17 gnolls
  6 shadow imps
  A white imp (D:6)
  An ooze (D:6)
  4 adder skeletons
  4 dart slugs
  5 leopard geckos
  56 orcs
  9 bats
  7 giant cockroaches
  12 goblins
  3 hobgoblins
  14 jackals
  18 kobolds
  4 quokkas
  3 ball pythons
  4 frilled lizards
  A goblin skeleton (D:6)
  A goblin zombie (D:6)
  4 hobgoblin zombies (D:6)
  A jackal skeleton (D:5)
  A jackal zombie (D:5)
  A leopard gecko zombie (D:7)
  An orc skeleton (D:6)
  A quokka skeleton (D:5)
  9 rats
  A fire vortex (Lair:6)
  A plant (Lair:1)
721 creatures vanquished.

Vanquished Creatures (collateral kills)
  A worker ant (D:9)
1 creature vanquished.

Vanquished Creatures (others)
  A bog body (Swamp:4)
  A shadow (Swamp:1)
  A swamp worm (Swamp:4)
  A swamp drake (Swamp:2)
  4 ball lightnings (Swamp:1)
  A quokka (D:7)
  A bush (Lair:6)
  29 fungi
  22 plants
61 creatures vanquished.

Grand Total: 783 creatures vanquished

Notes
Turn   | Place    | Note
-------+----------+-------------------------------------------
     0 | D:1      | poirepourri the Gargoyle Fighter began the quest for the Orb.
     0 | D:1      | Reached XP level 1. HP: 14/14 MP: 1/1
   299 | D:1      | Reached XP level 2. HP: 18/19 MP: 2/2
   456 | D:1      | Reached skill level 3 in Maces & Flails
   657 | D:1      | Reached XP level 3. HP: 22/23 MP: 3/3
  1142 | D:2      | Found an iron altar of Okawaru.
  1246 | D:2      | Found a faded altar of an unknown god.
  1293 | D:2      | Reached skill level 4 in Maces & Flails
  1307 | D:2      | Reached XP level 4. HP: 13/28 MP: 1/4
  1648 | D:3      | Found a radiant altar of Vehumet.
  1675 | D:3      | Found a hazy altar of Hepliaklqana.
  1913 | D:3      | Noticed Natasha
  2070 | D:3      | Reached skill level 5 in Maces & Flails
  2070 | D:3      | Reached XP level 5. HP: 32/32 MP: 5/5
  2096 | D:3      | Killed Natasha
  2096 | D:3      | Reached skill level 1 in Dodging
  2370 | D:3      | Noticed Natasha
  2383 | D:3      | Killed Natasha
  2393 | D:3      | Noticed Natasha
  2397 | D:3      | Killed Natasha
  2782 | D:4      | Reached XP level 6. HP: 29/37 MP: 4/6
  2803 | D:4      | Reached skill level 6 in Maces & Flails
  3022 | D:4      | Found a blossoming altar of Fedhas.
  3022 | D:4      | Found a bloodstained altar of Trog.
  3271 | D:4      | Reached skill level 7 in Maces & Flails
  3271 | D:4      | Reached XP level 7. HP: 3/41 MP: 0/7
  3668 | D:4      | Found a staircase to the Ecumenical Temple.
  3696 | Temple   | Entered the Ecumenical Temple
  4424 | D:5      | Entered Level 5 of the Dungeon
  4584 | D:5      | Found a snail-covered altar of Cheibriados.
  4618 | D:5      | Became a worshipper of Cheibriados the Contemplative
  4679 | D:5      | Found Vegetoupn's Gadget Shoppe.
  4680 | D:5      | Found Igequll's Jewellery Shoppe.
  4728 | D:5      | Reached skill level 8 in Maces & Flails
  4943 | D:5      | Noticed vishdafish's ghost (novice TrEE)
  4967 | D:5      | Killed vishdafish's ghost
  4967 | D:5      | Reached skill level 9 in Maces & Flails
  4967 | D:5      | Reached XP level 8. HP: 10/46 MP: 3/8
  5100 | D:5      | Reached skill level 10 in Maces & Flails
  5460 | D:5      | Found Xeuc's Weapon Emporium.
  5677 | D:5      | Reached * piety under Cheibriados
  5727 | D:5      | Found a hide-covered altar of Uskayaw.
  5774 | D:5      | Found Juaxug's Distillery.
  5962 | D:5      | Found Osud's Jewellery Shop.
  6013 | D:6      | Reached skill level 11 in Maces & Flails
  6034 | D:6      | Reached XP level 9. HP: 49/51 MP: 7/9
  6039 | D:6      | Found an opulent altar of Gozag.
  6082 | D:6      | Found a glowing golden altar of the Shining One.
  6268 | D:6      | Reached ** piety under Cheibriados
  6496 | D:6      | Got a shimmering ring mail
  6501 | D:6      | Identified the +5 ring mail of the Journeyman {rPois MR- Slay+2} (You found it on level 6 of the Dungeon)
  6803 | D:6      | Found a shadowy altar of Dithmenos.
  7276 | D:6      | Reached skill level 12 in Maces & Flails
  7651 | D:7      | Found Ruynalui's General Store.
  7662 | D:7      | Found a sparkling altar of Nemelex Xobeh.
  7804 | D:7      | Reached *** piety under Cheibriados
  8027 | D:7      | Found a shimmering altar of Xom.
  8029 | D:7      | Found a shimmering altar of Xom.
  8106 | D:7      | Found a white marble altar of Elyvilon.
  8350 | D:7      | Reached skill level 13 in Maces & Flails
  8367 | D:7      | Found a shimmering altar of Xom.
  8378 | D:7      | Found a shimmering altar of Xom.
  8378 | D:7      | Found a shimmering altar of Xom.
  8462 | D:7      | Reached **** piety under Cheibriados
  8487 | D:7      | Reached XP level 10. HP: 56/56 MP: 10/10
  8857 | D:8      | Noticed a two-headed ogre
  8883 | D:8      | Killed a two-headed ogre
  8883 | D:8      | Reached skill level 14 in Maces & Flails
  9171 | D:8      | Found a staircase to the Lair.
  9219 | D:8      | Noticed a two-headed ogre
  9243 | D:8      | Reached ***** piety under Cheibriados
  9670 | D:8      | Killed a two-headed ogre
  9794 | D:8      | Reached skill level 15 in Maces & Flails
 10063 | D:9      | Got a clouded bone ring
 10447 | D:9      | Reached XP level 11. HP: 57/60 MP: 9/11
 10451 | D:9      | Found a basalt altar of Yredelemnul.
 10913 | D:10     | Entered Level 10 of the Dungeon
 10920 | D:10     | Noticed a two-headed ogre
 10934 | D:10     | Killed a two-headed ogre
 10944 | D:10     | Reached skill level 5 in Fighting
 10968 | D:10     | Identified the ring of Aneole {rPois rN+ MR+ Str+4 Stlth+} (You found it on level 9 of the Dungeon)
 10997 | D:10     | Found a blossoming altar of Fedhas.
 11061 | D:10     | Noticed a two-headed ogre
 11070 | D:10     | Killed a two-headed ogre
 11684 | D:10     | Noticed a two-headed ogre
 11687 | D:10     | Killed an unseen horror
 11687 | D:10     | Reached skill level 5 in Shields
 11702 | D:10     | Killed a two-headed ogre
 11969 | D:11     | Reached ****** piety under Cheibriados
 12301 | D:11     | Identified a scroll of acquirement
 12559 | D:11     | Noticed a four-headed hydra
 12572 | D:11     | Killed a four-headed hydra
 12572 | D:11     | Reached XP level 12. HP: 66/70 MP: 12/12
 12614 | D:11     | Noticed a two-headed ogre
 12619 | D:11     | Killed a two-headed ogre
 12800 | D:11     | Found a staircase to the Orcish Mines.
 12951 | D:11     | Reached skill level 10 in Shields
 13194 | D:12     | Noticed a two-headed ogre
 13203 | D:12     | Killed a two-headed ogre
 14804 | D:12     | Noticed Erolcha
 14817 | D:12     | Killed Erolcha
 15395 | D:13     | Reached XP level 13. HP: 47/74 MP: 10/13
 15810 | Lair:1   | Entered Level 1 of the Lair of Beasts
 15927 | Lair:1   | Found a snail-covered altar of Cheibriados.
 18022 | D:5      | Bought a +4 mace of holy wrath for 411 gold pieces
 18966 | Lair:2   | Reached skill level 15 in Shields
 19686 | Lair:2   | Got a pair of faintly humming gloves
 19697 | Lair:2   | Identified the +1 pair of gloves of Fedhas's Favour {+Fly rF+++} (You acquired it on level 2 of the Lair of Beasts)
 20431 | Lair:3   | Reached skill level 5 in Dodging
 20709 | Lair:3   | Found a staircase to the Swamp.
 21141 | Lair:3   | Reached skill level 5 in Armour
 21152 | Lair:3   | Gained mutation: Your large and strong wings let you fly indefinitely. [Gargoyle growth]
 21152 | Lair:3   | Reached XP level 14. HP: 38/80 MP: 4/14
 21238 | Lair:3   | Reached skill level 1 in Invocations
 21718 | Lair:4   | Found a staircase to the Snake Pit.
 21951 | Lair:4   | Reached skill level 1 in Crossbows
 21951 | Lair:4   | Reached skill level 1 in Evocations
 22895 | Lair:5   | Reached skill level 5 in Invocations
 24262 | Lair:6   | Entered Level 6 of the Lair of Beasts
 24279 | Lair:6   | Found a staircase to the Slime Pits.
 24309 | Lair:6   | Noticed Snorg
 24348 | Lair:6   | Killed Snorg
 25461 | Lair:6   | Reached skill level 10 in Fighting
 25499 | Lair:6   | Noticed p0werm0de's ghost (journeyman DsBe)
 25618 | Lair:6   | Reached XP level 15. HP: 41/92 MP: 10/21
 25663 | Lair:6   | Gained mutation: Scrolls take you a little longer to read. [potion of mutation]
 25663 | Lair:6   | Gained mutation: You are frail. (-10% HP) [potion of mutation]
 25663 | Lair:6   | Gained mutation: You are dopey. (Int -2) [potion of mutation]
 25663 | Lair:6   | Gained mutation: You passively map a small area around you. [potion of mutation]
 25677 | Lair:6   | Killed p0werm0de's ghost
 25677 | Lair:6   | Reached skill level 16 in Maces & Flails
 26333 | Lair:6   | Noticed Urug
 26838 | Swamp:1  | Entered Level 1 of the Swamp
 26891 | Swamp:1  | Noticed Ladykiller69's ghost (journeyman DECj)
 26903 | Swamp:1  | Killed Ladykiller69's ghost
 28160 | Swamp:2  | Noticed Exporg's ghost (adept MiFi)
 28207 | Swamp:2  | Killed Exporg's ghost
 28725 | Swamp:2  | Got a pair of distressingly furry boots
 28864 | Swamp:2  | Identified the +0 pair of boots "Pudghoni" {rElec Regen+ Str+4 Stlth+} (You found it on level 2 of the Swamp)
 28876 | Swamp:2  | Reached skill level 10 in Invocations
 29784 | Swamp:3  | Reached XP level 16. HP: 90/90 MP: 24/24
 29827 | Swamp:4  | Entered Level 4 of the Swamp
 29901 | Swamp:4  | Noticed Nikola
 29915 | Swamp:4  | HP: 2/90 [Nikola/chain lightning (7)]
 29915 | Swamp:4  | Killed from afar by Nikola

Skill      XL: |  1  2  3  4  5  6  7  8  9 10 11 12 13 14 15 16 |
---------------+-------------------------------------------------+-----
Maces & Flails | 3 4 5 7 9 11 13 15 16 | 16.6
Dodging        | 1 2 6 7 |  7.2
Fighting       | 6 10 12 | 12.2
Shields        | 8 13 15 | 15.1
Armour         | 5 |  5.7
Invocations    | 8 10 | 10.9
Crossbows      | 1 |  1.1
Evocations     | 1 |  1.0

Action                   |  1- 3 |  4- 6 |  7- 9 | 10-12 | 13-15 | 16-18 || total
-------------------------+-------+-------+-------+-------+-------+-------++-------
Melee: Flail             |   150 |   223 |   484 |   741 |   825 |       ||  2423
       Mace              |       |       |       |       |  1011 |    36 ||  1047
Invok: Slouch            |       |       |       |     1 |    14 |     2 ||    17
 Abil: Stop Flying       |       |       |       |       |     1 |       ||     1
  Use: Scroll            |     4 |     3 |     9 |     9 |    31 |     3 ||    59
       Potion            |       |     2 |     4 |     5 |    17 |     2 ||    30
 Stab: Distracted        |       |       |       |     2 |     1 |       ||     3
       Sleeping          |       |       |       |     2 |     2 |     1 ||     5
       Invisible         |       |       |       |       |    24 |       ||    24
       Confused          |       |       |       |       |     1 |       ||     1
  Eat: Fruit             |     3 |       |     1 |     1 |       |       ||     5
       Meat ration       |       |     1 |       |     2 |     4 |     1 ||     8
       Bread ration      |       |       |     3 |     1 |     1 |       ||     5
       Royal jelly       |       |       |       |       |     1 |     1 ||     2
Armor: Scale mail        |   141 |   127 |   253 |   353 |   709 |    89 ||  1672
Dodge: Dodged            |    70 |    68 |   151 |   235 |  1232 |   121 ||  1877
Block: Shield            |   117 |   138 |   271 |   648 |  2400 |   104 ||  3678
